 Dungeon Crawl Stone Soup version 0.32-a0-685-g93135e86f0 (webtiles) character file.

Game seed: 14178009071396424978

282 Aldia the Sneak (level 6, -4/32 HPs)
             Began as a Vampire Enchanter on Mar 12, 2024.
             Slain by a gnoll
             ... wielding a +0 whip
              (5 damage)
             ... on level 3 of the Dungeon.
             The game lasted 00:08:24 (3590 turns).

Aldia the Sneak (Vampire Enchanter)                 Turns: 3590, Time: 00:08:25

Health: -4/32      AC:  3    Str:  7    XL:     6   Next: 6%
Magic:  1/9        EV: 12    Int: 25    God:
Gold:   157        SH:  0    Dex: 15    Spells: 4/9 levels left

rFire   . . .        l - +2 dagger (venom)
rCold   + + .        (no shield)
rNeg    + + +        b - +1 robe
rPois   ∞            (no helmet)
rElec   .            (no cloak)
rCorr   .            (no gloves)
SInv    +            (no boots)
Will    .....        (no amulet)
Stlth   ++++++       o - +6 ring of intelligence
HPRegen 0.00/turn    (no ring)
MPRegen 0.11/turn

%: no passive effects
@: bloodless, inhibited regen, invisible
A: bloodless, fangs 3, see invisible, vampiric 2
a: Bat Form, Revivify


You were on level 3 of the Dungeon.
You visited 1 branch of the dungeon, and saw 3 of its levels.

You collected 157 gold pieces.

Inventory:

Hand Weapons
 l - a +2 dagger of venom (weapon)
Armour
 b - a +1 robe (worn)
Jewellery
 g - an amulet of faith
 o - a +6 ring of intelligence (left hand)
Wands
 k - a wand of warping (5)
Scrolls
 d - a scroll of enchant armour
 f - a scroll of revelation
 h - 2 scrolls of amnesia
 i - a scroll of poison {unknown}
 j - a scroll of silence {unknown}
 m - a scroll of blinking
 p - a scroll of noise {unknown}
 r - a scroll of enchant weapon {unknown}
Potions
 a - a potion of brilliance {unknown}
 c - a potion of invisibility
 e - a potion of mutation {unknown}
 n - a potion of attraction {unknown}
 q - a potion of enlightenment {unknown}


   Skills:
 * Level 4.4 Short Blades
 - Level 2.1 Dodging
 * Level 7.7 Stealth
 - Level 2.0 Spellcasting
 - Level 5.0 Hexes
 - Level 1.0 Ice Magic


You had 4 spell levels left.
You knew the following spells:

 Your Spells              Type           Power      Damage    Failure   Level
a - Ensorcelled Hibernat  Hex/Ice        34%        N/A       4%          2
b - Confusing Touch       Hex            27%        N/A       4%          3

Your spell library contained the following spells:

 Spells                   Type           Power      Damage    Failure   Level
 Tukima's Dance           Hex            27%        N/A       4%          3
 Freeze                   Ice            28%        1d5       8%          1
 Dazzling Flash           Conj/Hex       30%        N/A       12%         3
 Frozen Ramparts          Ice            14%        1d3       22%         3
 Hailstorm                Conj/Ice       5%         3d5       26%         3


Dungeon Overview and Level Annotations

Branches:
Dungeon (3/15)

Altars:
Fedhas


Innate Abilities, Weirdness & Mutations

You do not regenerate when monsters are visible.
You are frail without blood (-20% HP).
You can heal yourself when you bite living creatures.
You are immune to poison.
You have razor-sharp teeth.
You have supernaturally acute eyesight. (SInv)
You are afflicted with vampirism and can become a bat while bloodless.


Message History

You skewer the gnoll like a kebab!!!
You kill the gnoll!
The kobold hits you with a +0 club. The gnoll closely misses you.
The hobgoblin barely misses you. The gnoll hits you with a +0 whip.
Casting: Ensorcelled Hibernation (safe; 4% risk of failure)
Confirm with . or Enter, or press ? or * to list all spells.
Aiming: Ensorcelled Hibernation (safe; 4% risk of failure)
Press: ? - help, Shift-Dir - straight line, f - gnoll
Aim: a gnoll, wielding a +0 whip (chance to affect: 59%)
The gnoll resists with significant effort.
The gnoll misses you. The hobgoblin completely misses you.
The gnoll misses you. The kobold hits you but does no damage.
Unknown command.
Unknown command.
Casting: Ensorcelled Hibernation (safe; 4% risk of failure)
Confirm with . or Enter, or press ? or * to list all spells.
You don't have enough magic to cast this spell.
Unknown command.
You closely miss the gnoll. Your bite misses the gnoll.
The gnoll barely misses you. The hobgoblin closely misses you.
The gnoll hits you but does no damage. The kobold closely misses you.
You hit the kobold.
The kobold is poisoned.
You bite the kobold, but do no damage.
The kobold is heavily wounded.
The gnoll hits you with a +0 whip.
The hobgoblin hits you but does no damage.
The gnoll closely misses you. The kobold misses you.
You hit the kobold.
You kill the kobold!
The gnoll hits you with a +0 whip!
* * * LOW HITPOINT WARNING * * *
The hobgoblin hits you but does no damage.
The gnoll hits you with a +0 whip.
* * * LOW HITPOINT WARNING * * *
Casting: Ensorcelled Hibernation (safe; 4% risk of failure)
Confirm with . or Enter, or press ? or * to list all spells.
You don't have enough magic to cast this spell.
You fade into invisibility!
The gnoll hits you with a +0 whip.
You die...

###############...#≈≈≈≈≈≈≈≈≈#
..............#...#≈≈≈≈≈≈≈≈≈#
..............#...#≈≈≈≈≈≈≈≈≈
..............##)##≈≈≈≈≈≈≈≈#
...########...)..#≈≈≈≈≈≈≈≈≈#
...# #)..)..#≈≈≈≈≈≈≈≈≈#
.[.########......#
..............##'##
...........)..#g@$#
..............#$gg#
###############$$$# #####


You could see 2 gnolls and a hobgoblin (unable to see you).

Vanquished Creatures
  A bombardier beetle (D:3)
  An orc priest (D:3)
  6 gnolls (D:3)
  3 adders
  A ribbon worm (D:2)
  2 dart slugs
  5 orcs (D:3)
  8 bats
  4 endoplasms
  3 giant cockroaches
  27 goblins
  24 hobgoblins
  7 kobolds
  2 quokkas
  7 ball pythons
  A frilled lizard (D:2)
  7 rats
109 creatures vanquished.

Notes
Turn   | Place    | Note
-------+----------+-------------------------------------------
     0 | D:1      | Aldia the Vampire Enchanter began the quest for the Orb.
     0 | D:1      | Reached XP level 1. HP: 13/13 MP: 3/3
   426 | D:1      | Reached XP level 2. HP: 15/15 MP: 5/5
   429 | D:1      | Learned a level 2 spell: Ensorcelled Hibernation
   496 | D:1      | Reached skill level 5 in Stealth
  1061 | D:2      | Gained mutation: You are afflicted with vampirism and can
                  | become a bat while bloodless. [Vampire growth]
  1061 | D:2      | Reached XP level 3. HP: 19/19 MP: 3/6
  1069 | D:2      | Learned a level 3 spell: Confusing Touch
  1160 | D:2      | Found a blossoming altar of Fedhas.
  1247 | D:2      | Reached skill level 1 in Ice Magic
  1809 | D:2      | Reached XP level 4. HP: 24/24 MP: 7/7
  2117 | D:3      | Reached skill level 6 in Stealth
  2457 | D:3      | Reached skill level 5 in Hexes
  3039 | D:3      | Reached XP level 5. HP: 21/28 MP: 5/8
  3143 | D:3      | Reached skill level 7 in Stealth
  3498 | D:3      | Reached XP level 6. HP: 18/32 MP: 6/9
  3589 | D:3      | HP: 1/32 [gnoll/+0 whip (1)]
  3590 | D:3      | Slain by a gnoll

Illustrated notes

Levels and vault maps discovered:
D:1:      lemuel_arrival_rhombus, layout_basic
D:2:      minmay_wonky_spiral, layout_basic, basic_altar
D:3:      minmay_goblin_kobold_castle, layout_loops_cross

Skill      XL: |  1  2  3  4  5 |
---------------+----------------+-----
Stealth        | 5 6 7 |  7.7
Short Blades   | 2 3 4 |  4.4
Ice Magic      | 1 |  1.0
Hexes          | 5 |  5.0
Dodging        | |  2.1
Spellcasting   | |  2.0

Action                     |  1- 3 |  4- 6 || total
---------------------------+-------+-------++-------
  Melee: Dagger            |    79 |   130 ||   209
         Bite              |     8 |    14 ||    22
   Cast: Ensorcelled Hiber |     9 |    20 ||    29
Ability: Exsanguinate      |     1 |       ||     1
  Evoke: Wand              |       |     1 ||     1
    Use: Scroll            |     2 |     2 ||     4
         Potion            |       |     1 ||     1
   Stab: Sleeping          |    23 |    21 ||    44
 Armour: Robe              |    41 |    75 ||   116
  Dodge: Dodged            |    33 |    74 ||   107

Table legend: (Time is in decaauts)
 A = Elapsed time spent in this place.
 B = Non-inter-level travel time spent in this place.
 C = Inter-level travel time spent in this place.
 D = Time resting spent in this place.
 E = Time spent auto-exploring this place.
 F = Levels seen in this place.
 G = Mean time per level.
                   A        B        C        D        E       F      G
               +--------+--------+--------+--------+--------+-----+--------+
         Total |   3562 |   3368 |    194 |    204 |   2447 |   3 | 1187.3 |
       Dungeon |   3562 |   3368 |    194 |    204 |   2447 |   3 | 1187.3 |
               +--------+--------+--------+--------+--------+-----+--------+

Top non-repeatable levels by time:
     D:3: 1394 daAuts
     D:2: 1186 daAuts
     D:1: 981 daAuts
